Map: Goldenaura LE

Players

llllllllllll

  • Race: Terran Terran
  • League: Grandmaster
  • Spawn Location: 12:00

A.I. 1 (Very Easy) - Winner!

  • Race: Zerg Zerg
  • Spawn Location: 5:00

VOD

Have the link to the VOD?

Description

Time

  • Played on: June 8, 2024, 2:25 p.m.
  • Length: 11:35
Show
View Real Time Build Order
Export as new Build Order

llllllllllll Terran 

Build Orders:  

Get SALT Encoding   

  12  0:00  SCV  
  13  0:12  SCV  
  14  0:20  Supply Depot  
  14  0:25  SCV  
  15  0:41  SCV  
  16  0:43  Barracks  
  16  0:47  Refinery  
  16  0:53  SCV  
  17  1:05  SCV  
  17  1:06  Barracks  
  18  1:18  SCV  
  19  1:30  Orbital Command  
  19  1:31  Reaper  
  20  1:53  Reaper  
  21  1:56  SCV  
  22  2:08  Reaper  
  23  2:09  Command Center  
  23  2:16  Supply Depot  
  23  2:28  Barracks Tech Lab  
  23  2:37  SCV  
  23  2:39  Barracks  
  23  2:40  Barracks  
  23  2:44  Barracks Reactor  
  24  2:49  SCV  
  25  3:00  Marine  
  25  3:02  SCV  
  27  3:14  Stimpack, SCV  
  27  3:18  Marine  
  29  3:21  Orbital Command  
  29  3:24  Marine x2  
  31  3:28  Marine  
  31  3:29  Marine  
  31  3:33  SCV  
  34  3:35  Marine  
  35  3:42  Marine x2  
  35  3:45  SCV  
  35  3:46  Marine  
  35  3:47  Marine  
  40  3:49  SCV  
  40  3:53  Marine  
  42  3:55  Supply Depot  
  42  3:57  SCV  
  42  4:01  SCV  
  42  4:02  Marine x2  
  44  4:08  Supply Depot  
  46  4:17  SCV x2, Marine x3  
  46  4:21  Supply Depot  
  51  4:29  SCV, Marine x2  
  51  4:30  SCV, Factory  
  54  4:35  Refinery, Marine x3  
  55  4:45  SCV x2  
  57  4:46  Marine  
  57  4:47  Marine  
  59  4:53  Supply Depot  
  59  4:54  Combat Shield  
  59  4:57  SCV x2  
  62  5:02  Marine  
  62  5:03  Barracks Reactor  
  62  5:04  Barracks Reactor  
  62  5:09  SCV x2  
  62  5:12  Refinery  
  62  5:13  Marine x2  
  66  5:19  Marine  
  67  5:21  SCV x2  
  67  5:22  Engineering Bay  
  67  5:25  Engineering Bay  
  67  5:27  Starport  
  69  5:31  Marine x2  
  69  5:33  SCV  
  69  5:34  SCV  
  73  5:37  Marine  
  73  5:41  Supply Depot  
  73  5:42  Supply Depot  
  74  5:43  Command Center  
  74  5:47  SCV x2  
  76  5:52  Terran Infantry Armor Level 1  
  76  5:54  Terran Infantry Weapons Level 1  
  76  5:59  SCV x2  
  76  6:01  Refinery  
  78  6:10  Factory Reactor  
  67  6:11  Starport Reactor  
  67  6:13  SCV x2  
  67  6:14  Factory Tech Lab  
  67  6:24  Marine x7  
  67  6:25  SCV x2  
  74  6:34  Siege Tank  
  74  6:37  SCV x2  
  74  6:38  Supply Depot  
  74  6:39  Supply Depot  
  79  6:42  Marine x7  
  79  6:46  Barracks  
  86  6:50  Medivac x2  
  86  6:53  SCV x2  
  92  6:59  Marine  
  93  7:05  SCV x2  
  93  7:06  Siege Tank  
  98  7:14  Armory, Orbital Command  
  98  7:17  SCV x2  
  98  7:19  Medivac, Bunker  
  98  7:22  Supply Depot  
  102  7:23  Medivac  
  102  7:25  Marine x6  
  102  7:27  Marine  
  111  7:34  Barracks Reactor  
  111  7:36  SCV x2  
  113  7:38  Siege Tank  
  113  7:41  SCV  
  117  7:45  Marine x5  
  117  7:46  Marine  
  117  7:48  SCV x2, Marine  
  126  7:53  SCV  
  127  8:00  SCV  
  127  8:02  Terran Infantry Weapons Level 2  
  127  8:04  Marine x5  
  133  8:09  Supply Depot x2  
  133  8:10  Supply Depot  
  133  8:30  Siege Tank, Marine x5  
  133  8:31  Marine x2  
  143  8:36  Supply Depot x2  
  143  8:37  Supply Depot  
  143  8:40  Barracks  
  143  8:41  Barracks  
  143  8:42  Barracks  
  143  8:43  Marine  
  143  8:44  Medivac x2, Marine  
  143  8:47  Terran Infantry Armor Level 2  
  143  8:48  Marine x7  
  151  8:52  Supply Depot  
  151  8:53  Supply Depot  
  151  8:54  Supply Depot  
  156  9:01  Marine x2  
  158  9:02  Siege Tank  
  158  9:06  Marine x2  
  163  9:11  Supply Depot x2  
  163  9:20  Factory  
  163  9:21  Command Center  
  163  9:23  Marine x5  
  163  9:24  Marine x4  
  172  9:35  Barracks Tech Lab x3  
  172  9:41  Marine x7  
  172  9:42  Marauder  
  181  9:47  Drilling Claws, Widow Mine  
  183  9:55  Marauder x3, Concussive Shells  
  189  10:00  Refinery  
  189  10:03  Marauder  
  189  10:05  Factory Reactor  
  191  10:08  Widow Mine  
  179  10:16  Marauder  
  179  10:19  Marauder x2, Marine x2  
  179  10:20  Marine x6  
  176  10:22  Medivac x2  
  176  10:25  Marauder  
  180  10:29  Widow Mine  
  182  10:37  Marine x5  
  187  10:51  Widow Mine  
Show
View Real Time Build Order
Export as new Build Order

A.I. 1 (Very Easy) Zerg - Winner!

Build Orders: Hatch First 

Get SALT Encoding   

  12  0:01  Drone  
  13  0:12  Overlord  
  13  0:17  Drone  
  14  0:42  Hatchery  
  13  0:45  Drone  
  14  1:04  Spawning Pool  
  13  1:05  Extractor  
  13  1:07  Drone  
  13  1:14  Drone  
  14  1:20  Overlord  
  14  1:51  Zergling x2, Queen  
  14  1:53  Zergling x2  
  18  1:58  Roach Warren  
  17  2:05  Drone  
  17  2:07  Extractor  
  17  2:13  Drone  
  18  2:17  Zergling x2  
  20  2:22  Drone  
  20  2:30  Drone  
  21  2:37  Drone  
  21  2:42  Zergling x2  
  22  2:44  Drone  
  22  2:45  Zergling x2  
  22  2:50  Zergling x2  
  23  2:54  Drone  
  24  3:02  Drone  
  24  3:09  Drone  
  25  3:16  Drone  
  26  3:23  Drone  
  27  3:29  Lair, Zergling x2  
  28  3:38  Overlord  
  28  3:42  Drone  
  29  3:49  Drone  
  30  3:56  Drone  
  31  4:04  Drone  
  32  4:11  Drone  
  33  4:21  Drone  
  34  4:26  Overlord  
  34  4:28  Overseer  
  34  4:29  Drone, Overseer  
  35  4:31  Spire  
  35  4:36  Drone  
  35  4:38  Queen  
  33  4:43  Drone  
  36  4:50  Drone  
  37  4:57  Drone  
  38  5:05  Drone  
  39  5:09  Extractor  
  39  5:12  Drone, Extractor  
  38  5:16  Overlord, Zergling x2  
  38  5:19  Drone  
  29  5:26  Drone  
  29  5:27  Queen  
  29  5:34  Drone  
  26  5:41  Drone  
  26  5:45  Roach  
  26  5:49  Drone  
  28  5:58  Drone  
  27  6:13  Zergling x2  
  28  6:19  Drone  
  28  6:23  Hatchery  
  28  6:29  Drone  
  29  6:36  Drone  
  30  6:44  Drone  
  31  6:51  Mutalisk, Drone  
  34  6:58  Drone  
  35  7:06  Drone  
  36  7:15  Drone  
  37  7:17  Overlord  
  38  7:22  Drone  
  39  7:30  Mutalisk, Drone  
  41  7:37  Drone  
  42  7:44  Drone  
  43  7:51  Drone  
  44  7:59  Drone  
  45  8:06  Drone  
  46  8:14  Drone  
  47  8:21  Drone  
  48  8:28  Drone  
  49  8:36  Drone  
  50  9:19  Extractor  
  50  9:21  Drone  
  50  10:32  Pneumatized Carapace, Roach  
  52  10:35  Overlord  
  52  10:36  Overseer  
  52  10:51  Roach  
  52  10:52  Hydralisk Den  
  52  10:54  Drone, Overseer  
  46  11:10  Roach  
Tags
 
Matchup
TvZ
Spawn Locations
Cross Positions
Add a new tag
Caveats
  • Supply blocks, unpowered buildings, or Contaminate may cause inaccurate times.
  • Supply counts are checked every 10 seconds.